 Dungeon Crawl Stone Soup version 0.19-a0-1268-g6c5d9f8 (console) character file.

509717 utis the Unseen (level 25, -6/249 HPs)
             Began as a Naga Warper on Aug 23, 2016.
             Was the Champion of Okawaru.
             Hit by a large rock thrown by a stone giant (43 damage)
             ... on level 5 of the Depths on Aug 29, 2016.
             The game lasted 07:03:14 (87016 turns).

utis the Unseen (Naga Warper)                      Turns: 87016, Time: 07:03:14

Health: -6/249     AC: 38    Str: 16    XL:     25   Next: 48%
Magic:  25/36      EV: 21    Int: 27    God:    Okawaru [******]
Gold:   3186       SH:  0    Dex: 16    Spells: 12 memorised, 2 levels left

rFire  + . .     SeeInvis +     w - +9 heavy crossbow {velocity, nevermiss, SInv}
rCold  . . .     Gourm    .     D - +3 ring mail of Goodbye, My Love {rElec rPois rF+ MR+}
rNeg   . . .     Faith    .     (shield currently unavailable)
rPois  +         Spirit   .     n - +2 helmet
rElec  +         Dismiss  .     U - +2 cloak
rCorr  .         Reflect  .     q - +2 pair of gloves {Dex+3}
MR     ++++.     Harm     +     P - +6 lightning scales {run, rElec}
Stlth  ++++++++..               G - amulet of harm
                                I - +6 ring of intelligence
                                V - ring of Shaolin {EV+8, =R}

@: slow
A: stinger 1, see invisible, deformed body, poison resistance, slowness 2, slow
metabolism 1, spit poison 2, constrict 1, AC +8
a: Spit Poison, Heroism, Finesse, Renounce Religion
}: 2/15 runes: barnacled, gossamer


You were on level 5 of the Depths.
You worshipped Okawaru.
Okawaru was exalted by your worship.
You were hungry.

You visited 8 branches of the dungeon, and saw 41 of its levels.
You also visited: Sewer, Ice Cave and Volcano.

You collected 4642 gold pieces.
You spent 1456 gold pieces at shops.

Inventory:

Hand Weapons
 a - a +9 arbalest of freezing
 b - the +7 triple crossbow "Kevi" {elec, MR++}
   (Okawaru gifted it to you on level 4 of the Shoals)

   It charges the ammunition it shoots with electricity; occasionally upon a
   hit, such missiles may discharge and cause terrible harm.
   It affects your resistance to hostile enchantments.
 k - a +3 demon whip of electrocution
 w - the +9 heavy crossbow "Sniper" (weapon) {velocity, nevermiss, SInv}
   (Okawaru gifted it to you on level 5 of the Depths)

   Any bolt fired from it inflicts extra damage.
   It lets you see invisible.
Missiles
 Q - 1340 bolts (quivered)
Armour
 n - a +2 helmet (worn)
 q - a +2 pair of gloves of dexterity (worn)
 D - the +3 ring mail of Goodbye, My Love (worn) {rElec rPois rF+ MR+}
   (You bought it in a shop on level 2 of the Orcish Mines)

   It protects you from fire.
   It insulates you from electricity.
   It protects you from poison.
   It affects your resistance to hostile enchantments.
 P - the +6 lightning scales (worn) {run, rElec}
   (You found it on level 1 of the Vaults)

   It insulates you from electricity.
 U - a +2 cloak (worn)
Jewellery
 C - an uncursed ring of protection from cold
 F - an uncursed ring of fire
 G - an amulet of harm (around neck)
 I - a +6 ring of intelligence (right hand)
 L - an uncursed ring of flight
 M - an uncursed ring of protection from magic
 O - a +2 ring of protection
 V - the ring of Shaolin (left hand) {EV+8, =R}
   (You found it on level 5 of the Lair of Beasts)

   [ring of evasion]

   It affects your evasion (+8).
 Z - an uncursed ring of wizardry
Wands
 i - a wand of digging (7/24)
 u - a wand of slowing (26/48)
 K - a wand of paralysis (8/24)
 N - a wand of heal wounds (8/9) {@v2}
 W - a wand of disintegration (5/24)
 X - a wand of confusion (26/48)
Scrolls
 d - 2 scrolls of blinking
 p - 3 scrolls of fog
 v - 4 scrolls of magic mapping
 A - 9 scrolls of teleportation {@r4}
 R - 10 scrolls of identify {@r1}
 S - 3 scrolls of fear
Potions
 g - 3 potions of magic
 h - 4 potions of resistance
 r - 2 potions of cancellation
 y - 4 potions of haste {@q3}
 z - 6 potions of flight
 H - 8 potions of curing {@q1}
 J - 3 potions of brilliance
 T - 2 potions of invisibility
Books
 l - a book of Cantrips

   Spells                             Type                      Level
   a - Confusing Touch                Hexes                        1
   b - Animate Skeleton               Necromancy                   1
   c - Summon Small Mammal            Summoning                    1
   d - Apportation                    Translocation                1
 t - a book of the Warp

   Spells                             Type                      Level
   a - Gell's Gravitas                Hexes/Translocation          3
   b - Force Lance                    Conjuration/Translocation    4
   c - Summon Forest                  Summoning/Translocation      5
   d - Dispersal                      Translocation                6
   e - Controlled Blink               Translocation                8
   f - Disjunction                    Translocation                8
Miscellaneous
 c - a crystal ball of energy
 e - a crystal ball of energy
 m - a phial of floods
 o - 3 sacks of spiders
 B - a phantom mirror
Comestibles
 f - 18 bread rations {@e1}
 j - 4 beef jerkies {@e2}
 s - 14 royal jellies {@e3}
 x - 19 slices of pizza {@e2}
 Y - 22 meat rations {@e1}


   Skills:
 + Level 19.4 Fighting
   Level 4.0 Short Blades
 - Level 11.0 Maces & Flails
 * Level 19.7 Crossbows
 - Level 0.8 Throwing
 + Level 9.8 Armour
 + Level 10.4 Dodging
 - Level 20.1 Stealth
 - Level 9.4 Spellcasting
 - Level 4.0 Summonings
 - Level 14.3 Translocations
 - Level 14.4 Invocations
 - Level 6.2 Evocations


You had 2 spell levels left.
You knew the following spells:

 Your Spells              Type           Power        Failure   Level  Hunger
a - Apportation           Tloc           ######....   1%          1    None
d - Passage of Golubria   Tloc           N/A          1%          4    None
g - Shroud of Golubria    Chrm/Tloc      ######....   1%          2    None
o - Teleport Other        Tloc           ######..     1%          3    None
p - Dispersal             Tloc           ######....   3%          6    #####..
r - Repel Missiles        Chrm/Air       ##....       14%         2    None
t - Portal Projectile     Tloc           ######       1%          3    None
u - Summon Forest         Summ/Tloc      ######....   6%          5    ####...
v - Blink                 Tloc           N/A          1%          2    None
x - Gell's Gravitas       Hex/Tloc       ######....   1%          3    None
B - Summon Butterflies    Summ           ####....     1%          1    None
Y - Controlled Blink      Tloc           N/A          97%         8    #######


Dungeon Overview and Level Annotations

Branches:
Dungeon (15/15)            Temple (1/1) D:7            Lair (6/6) D:9
 Shoals (4/4) Lair:4       Spider (4/4) Lair:4        Slime (0/5) Lair:5
    Orc (2/2) D:10            Elf (0/3) Orc:2        Vaults (4/5) D:14
  Crypt (0/3) Vaults:3     Depths (5/5) D:15
    Zot: Depths:5

Altars:
Ashenzari
Cheibriados
Fedhas
Hepliaklqana
Kikubaaqudgha
Okawaru
Qazlal
Ru
Trog
Uskayaw
Yredelemnul

Shops:
D:8 [   D:9 *   D:13 (   D:15 [   Orc:2 [=*!*   Vaults:1 !   Vaults:4 (
Depths:2 }=}

Portals:
Hell: Depths:1 Depths:2 Depths:3 Depths:4 Depths:5
Abyss: Depths:4
Pandemonium: Depths:2 Depths:3
Ziggurat: Depths:4

Annotations:
D:2 exclusion: downstairs
D:4 exclusion: downstairs
D:6 exclusion: necrophage
D:7 Torax's ghost, novice MfAK
D:10 exclusion: downstairs
Shoals:1 exclusions: oklob plant and siren


Innate Abilities, Weirdness & Mutations

You cannot wear boots.
Your serpentine skin is tough. (AC +8)
You have supernaturally acute eyesight. (SInv)
Armour fits poorly on your strangely shaped body.
Your system is resistant to poisons. (rPois)
You cover ground very slowly.
You have a slow metabolism.
You can spit poison.
You can use your snake-like lower body to constrict enemies.
Your tail ends in a poisonous barb.


Message History

A deep troll earth mage comes into view.
The golden dragon breathes fire at you. The bolt of fire hits you!
The deep troll shouts!
The deep troll earth mage shouts!
A deep troll earth mage comes into view.
The deep troll earth mage shouts!
You hear a shout!
A deep troll comes into view.
You hear a grinding noise.
The stone giant throws a large rock.
The large rock is repelled.
You feel less protected from missiles.
There is a stone staircase leading up here.
Unknown command.
Casting: Dispersal
Confirm with . or Enter, or press ? or * to list all spells.
The golden dragon blinks!
The storm dragon disappears!
The stone giant throws a large rock.
The large rock completely misses you.
A deep troll comes into view.
Unknown command.
The stone giant throws a large rock.
The large rock hits you!!!
You die...

░.?.░ ░.░..░ ░.
░░...░ ░.░.░..░ ░
░....' ...░.░".░
░....░░░░.░░.'░➘.░
░░.➘.....2).L1.).░░
░...➘...L.).░░░░░░
░░...T..░..░░
░...§1.░...░
░.░➘.N§.C...░
░....➘.....░░
░░.........░
░...TT.....░
░....T..<..░
D.........░░
░.........░░
░....░░T...


You could see a golden dragon, a Tzitzimitl, a cacodemon, a stone giant, a lich
(invisible), 3 deep trolls and 2 deep troll earth magi.

Vanquished Creatures
  Mennas (Depths:2)
  Mara (Depths:2)
  Sojobo (Vaults:4)
  Nikola (Spider:4)
  3 golden dragons
  Arachne (Spider:4)
  Jorgrun (Shoals:3)
  A bone dragon (Depths:5)
  Rupert (D:15)
  3 liches
  Asterion (Spider:4)
  A titan (Vaults:4)
  7 sphinxes
  A quicksilver dragon (Depths:5)
  2 krakens
  Gastronok (Lair:3)
  Roxanne (Spider:3)
  Polyphemus (Shoals:3)
  2 tengu reavers (Vaults:3)
  Ilsuiw (Shoals:4)
  7 frost giants
  Louise (Spider:2)
  10 vault wardens
  An iron dragon (Depths:4)
  2 fire giants (Depths:1)
  3 balrugs
  An orc warlord (Orc:2)
  4 emperor scorpions
  Aizul (Spider:3)
  3 deep elf sorcerers
  2 ghost moths (Spider:4)
  A ghoul (Vaults:3)
  3 spriggan defenders
  4 entropy weavers
  17 very ugly things
  12 ironheart preservers
  2 vampire knights
  12 stone giants
  A purple draconian (Depths:5)
  A lorocyproca (Depths:3)
  6 dire elephants (Lair:6)
  14 spark wasps
  A deep elf annihilator (Vaults:2)
  2 deep elf death magi (Vaults:3)
  A crystal guardian (Vaults:4)
  An eidolon (Vaults:3)
  8 merfolk javelineers (Shoals:4)
  6 fire dragons
  The ghost of Duffy the Grappler, a journeyman TrMo of Uskayaw (D:11)
  Josephine (D:11)
  19 merfolk impalers
  10 ettins
  A minotaur (shapeshifter) (D:15)
  10 yaktaur captains
  7 great orbs of eyes
  8 rakshasas
  14 ice dragons
  3 spriggan air magi
  7 vault guards
  6 hydras
  The ghost of Torax the Impaler, a journeyman MfAK of Lugonu (D:11)
  Erolcha (Volcano)
  An anaconda (Lair:6)
  12 centaur warriors
  4 deep troll shamans
  Erica (Lair:2)
  5 death knights
  A catoblepas (Shoals:2)
  2 merfolk avatars (Shoals:3)
  18 death yaks
  2 alligator snapping turtles
  9 deep troll earth magi
  13 ogre magi
  13 tengu warriors
  6 satyrs
  2 vampire magi
  8 death scarabs (Spider:4)
  8 spriggan berserkers
  3 sun demons
  2 deep elf knights
  11 skeletal warriors
  An iron troll (Depths:4)
  2 spectral emperor scorpions (Spider:4)
  A storm dragon skeleton (Vaults:4)
  A shadow wraith (Vaults:2)
  16 sea snakes
  7 hell knights
  20 deep trolls
  2 flayed ghosts
  An unseen horror (shapeshifter) (Depths:3)
  8 deep elf archers
  23 harpies
  3 spectral wolf spiders (Spider:4)
  An unseen horror (D:15)
  3 giant orange brains (Depths:3)
  5 wizards
  4 necromancers
  3 phantasmal warriors
  7 deep elf magi
  5 statues (Volcano)
  11 ironbrand convokers
  10 hill giants
  10 orc knights
  11 orb spiders
  20 griffons
  A faun (shapeshifter) (D:15)
  4 wolf spider zombies
  A hornet (shapeshifter) (D:14)
  26 wolf spiders
  43 ugly things
  13 manticores
  17 fauns
  2 orc sorcerers
  A salamander (shapeshifter) (Depths:3)
  A wolf spider (shapeshifter) (Depths:3)
  16 cyclopes
  A manticore (shapeshifter) (Vaults:2)
  8 hornets (Spider:4)
  2 moths of wrath (Spider:4)
  12 sirens
  4 black mambas
  An octopode (shapeshifter) (Vaults:2)
  2 torpor snails
  An ice statue (IceCv)
  7 vault sentinels
  8 elephants
  The ghost of inmateoo the Grappler, a novice VSTm (D:5)
  A molten gargoyle (Depths:4)
  A water nymph (shapeshifter) (Depths:3)
  16 water nymphs
  5 gargoyles
  9 spiny frogs
  3 rime drakes (shapeshifter)
  13 demonic crawlers
  A komodo dragon (shapeshifter) (D:13)
  A spiny frog (shapeshifter) (Depths:3)
  3 spectral redbacks (Spider:4)
  4 ice devils
  A rime drake (Lair:6)
  6 komodo dragons
  56 yaktaurs
  6 hellwings
  A tormentor (Depths:3)
  6 freezing wraiths
  2 redback zombies (Spider:4)
  6 red devils
  3 tengu conjurers
  11 trolls
  A queen bee (Spider:1)
  40 jumping spiders
  43 merfolk
  3 meliai
  Prince Ribbit (D:6)
  A wind drake (Shoals:1)
  A jumping spider zombie (Spider:4)
  A spectral tarantella (Spider:4)
  13 polar bears
  A blink frog (shapeshifter) (Vaults:2)
  A wind drake (shapeshifter) (Vaults:4)
  A polar bear (shapeshifter) (Depths:3)
  2 tarantella zombies (Spider:4)
  28 two-headed ogres
  2 raiju (shapeshifter)
  6 boulder beetles
  10 snapping turtles
  A spectral jumping spider (Spider:4)
  22 slime creatures
  5 hornet zombies
  An ice dragon zombie (Depths:1)
  A stone giant simulacrum (Depths:1)
  Grinder (D:5)
  26 blink frogs
  78 redbacks
  Sigmund (D:5)
  A spriggan skeleton (Depths:1)
  7 spriggans
  2 shadows
  33 tarantellas
  Eustachio (D:5)
  3 air elementals (Depths:3)
  6 wraiths
  A wyvern (D:10)
  61 yaks
  11 water elementals
  Grum (D:11)
  A basilisk (Lair:3)
  2 hogs (shapeshifter)
  10 fire bats
  10 hippogriffs
  16 humans (D:14)
  A neqoxec (Depths:5)
  An elf skeleton (Vaults:4)
  A steam dragon (Lair:5)
  7 vampire mosquitoes
  3 hungry ghosts
  2 human simulacra
  3 chaos spawn (Depths:3)
  4 mottled dragons
  9 wargs
  3 hell hounds (Depths:1)
  11 porcupines
  10 water moccasins
  37 orc warriors
  3 ice beasts
  2 sky beasts
  6 wasps (Depths:3)
  19 boggarts
  An eye of draining (shapeshifter) (Vaults:2)
  4 phantoms
  A black bear (D:7)
  38 wolves
  33 centaurs
  53 ogres
  13 crocodiles
  5 big kobolds
  13 giant frogs
  A gnoll sergeant (D:7)
  A deep troll simulacrum (Vaults:4)
  An ogre simulacrum (Vaults:1)
  2 wyvern skeletons (D:13)
  23 killer bees
  6 scorpions
  An elf simulacrum (Vaults:2)
  5 wights
  2 howler monkeys
  An electric eel (D:8)
  22 crimson imps
  A giant frog zombie (D:10)
  2 centaur zombies
  5 lava snakes
  A quasit (D:10)
  2 iron imps (Depths:5)
  12 hounds
  7 jellies
  Crazy Yiuf (D:5)
  18 orc priests
  16 orc wizards
  8 centaur skeletons
  2 giant frog skeletons
  17 iguanas
  20 worker ants
  A hell rat (shapeshifter) (Vaults:3)
  18 removed MONS_SHEEPs
  A hound skeleton (D:10)
  A howler monkey zombie (D:6)
  A worker ant zombie (D:6)
  12 gnolls
  21 adders
  69 river rats
  10 shadow imps
  5 white imps
  2 ufetubi (Depths:5)
  An ooze (D:1)
  2 adder zombies
  An adder skeleton (D:6)
  4 worms
  2 dart slugs (D:1)
  10 giant geckos
  77 orcs
  8 ball pythons
  7 giant cockroaches
  9 goblins
  4 hobgoblins
  8 jackals
  45 kobolds
  11 quokkas
  11 bats
  A giant gecko skeleton (D:6)
  A giant gecko zombie (D:6)
  12 giant newts
  A jackal skeleton (D:7)
  38 rats
  A plant (Shoals:2)
  A tentacle (Shoals:2)
2184 creatures vanquished.

Vanquished Creatures (collateral kills)
  A satyr (Shoals:3)
  A griffon (Lair:5)
  2 fauns
  3 sirens
  A warg (Vaults:1)
  A soldier ant (shapeshifter) (Vaults:1)
  An orc wizard (Vaults:1)
  An orc (Vaults:1)
11 creatures vanquished.

Vanquished Creatures (others)
  A fire giant (Depths:4)
  A wolf (IceCv)
  21 fungi
  72 plants
  2 snaplasher vines
  41 tentacles
138 creatures vanquished.

Grand Total: 2333 creatures vanquished

Notes
Turn   | Place    | Note
-------+----------+-------------------------------------------
     0 | D:1      | utis the Naga Warper began the quest for the Orb.
     0 | D:1      | Reached XP level 1. HP: 19/19 MP: 3/3
   244 | D:1      | Reached skill level 1 in Stealth
   360 | D:1      | Reached XP level 2. HP: 24/26 MP: 5/5
   650 | D:1      | Learned a level 2 spell: Shroud of Golubria
   653 | D:1      | Learned a level 2 spell: Blink
   795 | D:1      | Reached skill level 2 in Stealth
   864 | D:1      | Reached XP level 3. HP: 32/32 MP: 6/6
  1077 | D:2      | Found a stormy altar of Qazlal.
  1439 | D:2      | Reached skill level 3 in Stealth
  1524 | D:2      | Reached XP level 4. HP: 16/39 MP: 7/7
  2067 | D:2      | Reached skill level 4 in Stealth
  3273 | D:3      | Found a snail-covered altar of Cheibriados.
  3303 | D:3      | Reached XP level 5. HP: 15/45 MP: 8/8
  3655 | D:3      | Found a faded altar of an unknown god.
  3882 | D:3      | Found an iron altar of Okawaru.
  3907 | D:3      | Became a worshipper of Warmaster Okawaru
  4379 | D:3      | Reached skill level 5 in Stealth
  4734 | D:4      | Reached XP level 6. HP: 39/52 MP: 9/9
  4865 | D:4      | Found a glowing drain.
  4869 | Sewer    | Entered a sewer
  4911 | Sewer    | Reached skill level 5 in Maces & Flails
  5173 | Sewer    | Reached skill level 6 in Stealth
  6180 | D:4      | Reached * piety under Okawaru
  6180 | D:4      | Reached skill level 1 in Short Blades
  6180 | D:4      | Reached skill level 7 in Stealth
  6180 | D:4      | Reached XP level 7. HP: 60/60 MP: 10/10
  6273 | D:4      | Learned a level 3 spell: Teleport Other
  6612 | D:4      | Found a hide-covered altar of Uskayaw.
  7142 | D:4      | Reached skill level 1 in Invocations
  7142 | D:4      | Reached XP level 8. HP: 64/67 MP: 11/11
  7974 | D:4      | Got a twisted war axe {holy}
  8136 | D:5      | Entered Level 5 of the Dungeon
  8394 | D:5      | Reached skill level 8 in Stealth
  8425 | D:5      | Found a runed door.
  8589 | D:5      | Reached ** piety under Okawaru
  8590 | D:5      | yeah, that would have been an opportunity for heroism
  8605 | D:5      | Noticed inmateoo's ghost (novice VSTm)
  8922 | D:5      | Noticed Eustachio
  8957 | D:5      | Killed Eustachio
  8957 | D:5      | Reached skill level 5 in Translocations
  9758 | D:5      | Noticed Sigmund
  9772 | D:5      | Killed Sigmund
  9772 | D:5      | Reached skill level 9 in Stealth
  9784 | D:5      | Reached XP level 9. HP: 56/73 MP: 13/13
  9790 | D:5      | Learned a level 4 spell: Passage of Golubria
  9861 | D:5      | Noticed Grinder
 10060 | D:5      | Killed Grinder
 10734 | D:5      | Killed inmateoo's ghost
 10734 | D:5      | Reached skill level 10 in Stealth
 11280 | D:5      | Noticed Crazy Yiuf
 11384 | D:5      | Killed Crazy Yiuf
 11653 | D:6      | Noticed Prince Ribbit
 11901 | D:6      | Found a basalt altar of Yredelemnul.
 12978 | D:7      | Noticed Torax's ghost (novice MfAK)
 13092 | D:7      | Found an ancient bone altar of Kikubaaqudgha.
 13798 | D:7      | Reached skill level 1 in Armour
 14441 | D:7      | Reached skill level 11 in Stealth
 14479 | D:7      | Reached XP level 10. HP: 73/87 MP: 11/15
 15078 | D:7      | Reached skill level 5 in Fighting
 15269 | D:7      | Found a staircase to the Ecumenical Temple.
 15291 | Temple   | Entered the Ecumenical Temple
 16368 | D:8      | Reached *** piety under Okawaru
 16575 | D:8      | Found Wiphoxt's Armour Shoppe.
 17011 | D:8      | Bought a +3 scale mail of poison resistance for 276 gold pieces
 17885 | D:9      | Got a vibrating emerald amulet
 17886 | D:9      | Identified the amulet of the Madman {Gourm Int+2 Dex+2} (You found it on level 9 of the Dungeon)
 18191 | D:9      | Found a hazy altar of Hepliaklqana.
 18637 | D:9      | Found Luobellu's General Store.
 18655 | D:9      | Bought a potion of berserk rage for 75 gold pieces
 18663 | D:9      | Found a staircase to the Lair.
 18877 | D:9      | Found a sacrificial altar of Ru.
 18911 | D:9      | Found a blossoming altar of Fedhas.
 19037 | D:10     | Entered Level 10 of the Dungeon
 19052 | D:10     | Noticed a hill giant
 19064 | D:10     | Killed a hill giant
 19064 | D:10     | Reached **** piety under Okawaru
 19447 | D:10     | Reached skill level 12 in Stealth
 19447 | D:10     | Reached XP level 11. HP: 44/97 MP: 16/16
 19719 | D:10     | of course
 19743 | D:10     | Reached skill level 5 in Dodging
 20205 | D:10     | Found a staircase to the Orcish Mines.
 20836 | D:11     | Noticed a manticore
 20848 | D:11     | Noticed Grum
 20855 | D:11     | Noticed Josephine
 21034 | D:11     | Noticed Torax's ghost (journeyman MfAK)
 21124 | Lair:1   | Entered Level 1 of the Lair of Beasts
 21174 | Lair:1   | Reached ***** piety under Okawaru
 21532 | Lair:1   | Found a dark tunnel.
 21545 | Volcano  | Entered a volcano
 21763 | Volcano  | Reached skill level 13 in Stealth
 21899 | Volcano  | Noticed a firespitter statue
 21904 | Volcano  | Noticed a firespitter statue
 21917 | Volcano  | Killed a firespitter statue
 21944 | Volcano  | Killed a firespitter statue
 22082 | Volcano  | Noticed a firespitter statue
 22155 | Volcano  | shit
 22405 | Volcano  | Killed a firespitter statue
 22408 | Volcano  | Noticed a firespitter statue
 22409 | Volcano  | Noticed a firespitter statue
 22423 | Volcano  | Killed a firespitter statue
 22604 | Volcano  | Noticed Erolcha
 22629 | Volcano  | Killed Erolcha
 23140 | Volcano  | Killed a firespitter statue
 23140 | Volcano  | Reached skill level 14 in Stealth
 23140 | Volcano  | Reached skill level 10 in Translocations
 23364 | Volcano  | Found a burning altar of Makhleb.
 23572 | Lair:1   | Reached XP level 12. HP: 71/106 MP: 14/17
 23581 | Lair:1   | Received a gift from Okawaru
 24030 | Lair:1   | Learned a level 3 spell: Portal Projectile
 24103 | Lair:1   | Noticed a six-headed hydra
 24118 | Lair:1   | Killed a six-headed hydra
 25196 | Lair:2   | Noticed Erica
 25202 | Lair:2   | oops, I thought I had invis.
 25220 | Lair:2   | Killed Erica
 26240 | Lair:2   | Reached skill level 15 in Stealth
 26274 | Lair:2   | Noticed a five-headed hydra
 26299 | Lair:2   | Killed a five-headed hydra
 27093 | Lair:3   | Noticed Gastronok
 27423 | Lair:3   | Reached skill level 1 in Evocations
 27628 | Lair:3   | Killed Gastronok
 27628 | Lair:3   | Gained mutation: You can use your snake-like lower body to constrict enemies. [Naga growth]
 27628 | Lair:3   | Reached XP level 13. HP: 96/120 MP: 15/18
 28272 | Lair:4   | Reached skill level 5 in Evocations
 28512 | Lair:4   | Found a staircase to the Shoals.
 28587 | Lair:4   | Found a hole to the Spider Nest.
 28749 | Lair:4   | Received a gift from Okawaru
 29246 | Lair:4   | Learned a level 3 spell: Gell's Gravitas
 29483 | Lair:5   | oooooooh
 29570 | Lair:5   | Reached skill level 5 in Invocations
 30265 | Lair:5   | Found a staircase to the Slime Pits.
 30869 | Lair:6   | Entered Level 6 of the Lair of Beasts
 31025 | Lair:6   | Reached skill level 5 in Armour
 31916 | Lair:6   | Received a gift from Okawaru
 31919 | Lair:6   | hmmm
 32487 | Lair:5   | Reached XP level 14. HP: 130/130 MP: 17/19
 32937 | Lair:6   | Reached skill level 10 in Fighting
 33234 | Lair:6   | Reached skill level 10 in Maces & Flails
 33485 | Lair:6   | Reached skill level 16 in Stealth
 33866 | Lair:6   | Received a gift from Okawaru
 33871 | Lair:6   | Noticed a dire elephant
 33976 | Lair:6   | Killed a dire elephant
 34004 | Lair:6   | Noticed a dire elephant
 34005 | Lair:6   | Noticed a dire elephant
 34044 | Lair:6   | Killed a dire elephant
 34211 | Lair:6   | Noticed a dire elephant
 34243 | Lair:6   | Killed a dire elephant
 34646 | Lair:6   | hmmm
 34835 | Lair:6   | Killed a dire elephant
 35198 | Lair:6   | Noticed a dire elephant
 35198 | Lair:6   | Noticed a dire elephant
 35247 | Lair:6   | Killed a dire elephant
 35301 | Lair:6   | Killed a dire elephant
 35366 | Lair:6   | Learned a level 1 spell: Summon Butterflies
 35863 | D:11     | Killed Grum
 36228 | D:11     | Got a shimmering platinum amulet
 36230 | D:11     | Identified the amulet "Zoggef" {Gourm rElec MP+9 Int+3} (You found it on level 11 of the Dungeon)
 36674 | D:11     | Killed Josephine
 36747 | D:11     | Noticed Duffy's ghost (journeyman TrMo)
 36911 | D:11     | Killed Duffy's ghost
 36911 | D:11     | Reached XP level 15. HP: 112/142 MP: 20/20
 37536 | D:11     | Killed Torax's ghost
 37536 | D:11     | Received a gift from Okawaru
 37635 | Orc:1    | Entered Level 1 of the Orcish Mines
 38707 | Orc:2    | Entered Level 2 of the Orcish Mines
 38984 | Orc:2    | Found Fueph's Antique Armour Shoppe.
 39104 | Orc:2    | Found Hotuisot's Distillery.
 39340 | Orc:2    | Found Ilis's Assorted Antiques.
 39435 | Orc:2    | Reached skill level 17 in Stealth
 39544 | Orc:2    | Found Selypn's Jewellery Shop.
 39547 | Orc:2    | Found Veol's General Store.
 39817 | Orc:2    | Bought a potion of haste for 160 gold pieces
 39817 | Orc:2    | Bought a potion of haste for 160 gold pieces
 39817 | Orc:2    | Bought a potion of haste for 160 gold pieces
 39873 | Orc:2    | Noticed an orc warlord
 39888 | Orc:2    | Killed an orc warlord
 40251 | Orc:2    | Found a staircase to the Elven Halls.
 40516 | Orc:2    | Bought a translucent ring mail for 252 gold pieces
 40564 | Orc:2    | Identified the +3 ring mail of Goodbye, My Love {rElec rPois rF+ MR+} (You bought it in a shop on level 2 of the Orcish Mines)
 40646 | D:11     | Reached skill level 1 in Summonings
 40703 | D:12     | Found a frozen archway.
 40732 | IceCv    | Entered an ice cave
 41273 | IceCv    | Reached skill level 5 in Spellcasting
 41571 | IceCv    | Reached skill level 1 in Crossbows
 41674 | IceCv    | Noticed a frost giant
 41866 | IceCv    | Received a gift from Okawaru
 41908 | IceCv    | Killed a frost giant
 42533 | D:12     | Reached XP level 16. HP: 154/154 MP: 23/23
 43139 | D:13     | Received a gift from Okawaru
 43152 | D:13     | Got a transparent shield {god gift}
 43162 | D:13     | Identified the +4 shield of Okawaru's Indignation {*Confuse MR+ Stlth+} (Okawaru gifted it to you on level 13 of the Dungeon)
 43208 | D:13     | Learned a level 2 spell: Repel Missiles
 43636 | D:13     | Found Yfewna's Antique Weapon Emporium.
 43644 | D:13     | Bought a runed arbalest for 135 gold pieces
 43751 | D:13     | Learned a level 5 spell: Summon Forest
 44424 | D:14     | Found a gate to the Vaults.
 44604 | D:14     | Reached skill level 18 in Stealth
 44794 | D:14     | Reached skill level 5 in Crossbows
 44806 | D:14     | Received a gift from Okawaru
 44808 | D:14     | sigh
 44933 | D:14     | hmmm
 45251 | D:15     | Entered Level 15 of the Dungeon
 45259 | D:15     | Got an ebony halberd
 45267 | D:15     | Identified the cursed +3 halberd "Rirops" {chop, *Noise Int+2 Dex+7} (You found it on level 15 of the Dungeon)
 46319 | D:15     | Noticed Rupert
 46346 | D:15     | Killed Rupert
 46754 | D:15     | Found Jegurunoh's Antique Armour Boutique.
 46830 | D:15     | Reached XP level 17. HP: 109/162 MP: 27/27
 47145 | D:15     | Found a staircase to the Depths.
 47178 | D:15     | Reached skill level 19 in Stealth
 47896 | Spider:1 | Entered Level 1 of the Spider Nest
 47945 | Spider:1 | Received a gift from Okawaru
 48315 | Spider:1 | Received a gift from Okawaru
 48410 | Spider:1 | You fall through a shaft!
 48411 | Spider:2 | crap
 48695 | Spider:1 | holy shit
 50417 | Spider:2 | Reached skill level 10 in Crossbows
 50443 | Spider:2 | Reached skill level 20 in Stealth
 50799 | Spider:2 | Noticed Louise
 50932 | Spider:2 | Received a gift from Okawaru
 51053 | Spider:2 | Killed Louise
 51054 | Spider:2 | hmmm
 51888 | Spider:3 | Received a gift from Okawaru
 51951 | Spider:3 | hmmm
 52004 | Spider:3 | Noticed Aizul
 52018 | Spider:3 | Killed Aizul
 52064 | Spider:3 | Noticed Roxanne
 52080 | Spider:3 | Killed Roxanne
 52083 | Spider:3 | Identified Roxanne's Grimoire of Moulding (You took it off Roxanne on level 3 of the Spider Nest)
 52250 | Spider:3 | Upgraded the game from 0.19-a0-1216-g363869b to 0.19-a0-1223-gf83d13a
 52260 | Spider:4 | Entered Level 4 of the Spider Nest
 52260 | Spider:4 | Noticed Asterion
 52261 | Spider:4 | sigh
 52364 | Spider:4 | Reached XP level 18. HP: 115/169 MP: 28/28
 52803 | Spider:4 | Killed Asterion
 53718 | Spider:4 | Noticed Arachne
 53737 | Spider:4 | Killed Arachne
 53760 | Spider:4 | Received a gift from Okawaru
 53769 | Spider:4 | Noticed Nikola
 53786 | Spider:4 | Killed Nikola
 53934 | Spider:4 | Received a gift from Okawaru
 54842 | Spider:4 | Got a gossamer rune of Zot
 56077 | Shoals:1 | Entered Level 1 of the Shoals
 56392 | Shoals:1 | Received a gift from Okawaru
 57100 | Shoals:1 | Reached XP level 19. HP: 182/182 MP: 29/29
 57121 | Shoals:1 | Received a gift from Okawaru
 57524 | Shoals:2 | Received a gift from Okawaru
 58088 | Shoals:2 | Gained mutation: Your tail ends in a poisonous barb. [potion of beneficial mutation]
 58118 | Shoals:2 | Reached skill level 10 in Invocations
 58422 | Shoals:2 | Received a gift from Okawaru
 59227 | Shoals:3 | Noticed Polyphemus
 59258 | Shoals:3 | Killed Polyphemus
 59374 | Shoals:3 | Received a gift from Okawaru
 59934 | Shoals:3 | Learned a level 6 spell: Dispersal
 60267 | Shoals:3 | Received a gift from Okawaru
 60608 | Shoals:3 | Noticed Jorgrun
 60628 | Shoals:3 | Killed Jorgrun
 60980 | Shoals:3 | Upgraded the game from 0.19-a0-1223-gf83d13a to 0.19-a0-1225-gf887c1c
 60981 | Shoals:4 | Entered Level 4 of the Shoals
 62031 | Shoals:4 | Noticed Ilsuiw
 62155 | Shoals:4 | Killed Ilsuiw
 62155 | Shoals:4 | Reached XP level 20. HP: 129/190 MP: 20/32
 62156 | Shoals:4 | Received a gift from Okawaru
 62158 | Shoals:4 | Got a translucent triple crossbow {god gift}
 62166 | Shoals:4 | Identified the +7 triple crossbow "Kevi" {elec, MR++} (Okawaru gifted it to you on level 4 of the Shoals)
 62167 | Shoals:4 | oooooh
 63298 | Shoals:4 | Identified the Almanac of Unstable Flames
 63453 | Shoals:4 | Got a barnacled rune of Zot
 63569 | Shoals:4 | Received a gift from Okawaru
 63575 | Shoals:4 | Got a dazzling plate armour
 63876 | Shoals:4 | Identified the +5 plate armour of the Evening Star {rF+ rN+ MR- Str+3} (You took it off a merfolk impaler on level 4 of the Shoals)
 64010 | Shoals:4 | Received a gift from Okawaru
 64037 | Shoals:4 | Got an encrusted plate armour {god gift}
 64056 | Shoals:4 | yay!
 64099 | Shoals:4 | Identified the +3 plate armour of Okawaru's Outrage {rC++ Str-2} (Okawaru gifted it to you on level 4 of the Shoals)
 65097 | Vaults:1 | Entered Level 1 of the Vaults
 67121 | Vaults:1 | Found Rem Pyn's Distillery.
 67124 | Vaults:1 | Bought a potion of haste for 170 gold pieces
 67124 | Vaults:1 | Bought a potion of might for 68 gold pieces
 67154 | Vaults:1 | Reached skill level 15 in Fighting
 67167 | Vaults:1 | Got a slimy morningstar {vamp}
 67168 | Vaults:1 | Identified the +6 morningstar "Grim" {vamp, *Contam rF++ MP+9 Dex+2} (You took it off an orc warrior on level 1 of the Vaults)
 67171 | Vaults:1 | huh?
 68682 | Vaults:2 | Found a bloodstained altar of Trog.
 68755 | Vaults:2 | Received a gift from Okawaru
 68767 | Vaults:2 | Reached XP level 21. HP: 197/202 MP: 34/34
 68818 | Vaults:2 | Received a gift from Okawaru
 69574 | Vaults:2 | Received a gift from Okawaru
 69574 | Vaults:2 | Reached skill level 15 in Crossbows
 69909 | Vaults:2 | Received a gift from Okawaru
 70723 | Vaults:3 | Noticed Sojobo
 72380 | Vaults:3 | Found a staircase to the Crypt.
 72682 | Vaults:4 | Upgraded the game from 0.19-a0-1225-gf887c1c to 0.19-a0-1238-gee6bd96
 72682 | Vaults:4 | Upgraded the game from 0.19-a0-1238-gee6bd96 to 0.19-a0-1254-gb9c29c0
 72992 | Vaults:4 | Killed Sojobo
 72992 | Vaults:4 | Received a gift from Okawaru
 73178 | Vaults:4 | HP: 10/210 [crystal guardian/crystal bolt (38)]
 73474 | Vaults:4 | Received a gift from Okawaru
 73693 | Vaults:4 | Reached XP level 22. HP: 201/219 MP: 30/35
 74354 | Vaults:4 | Received a gift from Okawaru
 74916 | Vaults:4 | Reached ****** piety under Okawaru
 75219 | Vaults:4 | Found Lyrghoyrch's Antique Weapon Emporium.
 75227 | Vaults:4 | Received a gift from Okawaru
 75554 | Vaults:4 | Received a gift from Okawaru
 76149 | D:6      | Killed Prince Ribbit
 76477 | Depths:1 | Entered Level 1 of the Depths
 76817 | Depths:1 | Received a gift from Okawaru
 76825 | Depths:1 | sigh
 77595 | Depths:1 | Received a gift from Okawaru
 77681 | Depths:1 | Received a gift from Okawaru
 78183 | Depths:1 | Found a gateway to Hell.
 78416 | Depths:1 | Received a gift from Okawaru
 78923 | Depths:2 | Reached XP level 23. HP: 230/230 MP: 36/36
 79288 | Depths:2 | Noticed a golden dragon
 79317 | Depths:2 | Killed a golden dragon
 79507 | Depths:2 | Noticed Mara
 79516 | Depths:2 | Killed Mara
 79800 | Depths:2 | Found Keefrefek's Jewellery Boutique.
 79801 | Depths:2 | Found Zabbuaq's Gadget Shoppe.
 79801 | Depths:2 | Found Mudutt's Gadget Shoppe.
 79971 | Depths:2 | Found a shattered altar of Ashenzari.
 80099 | Depths:2 | Found a one-way gate leading to the halls of Pandemonium.
 80218 | Depths:2 | Received a gift from Okawaru
 80434 | Depths:2 | Upgraded the game from 0.19-a0-1254-gb9c29c0 to 0.19-a0-1268-g6c5d9f8
 80718 | Depths:3 | Noticed Mennas
 81028 | Depths:3 | Reached XP level 24. HP: 211/238 MP: 34/36
 81781 | Depths:2 | Killed Mennas
 82222 | Depths:3 | Learned a level 8 spell: Controlled Blink
 82321 | Depths:3 | Got an ichor-stained ring mail
 82374 | Depths:3 | Identified the cursed +0 ring mail "Foxa" {rC++} (You took it off a tengu warrior on level 3 of the Depths)
 82450 | Depths:3 | Got an ichor-stained plate armour
 82996 | Depths:3 | Received a gift from Okawaru
 83103 | Depths:3 | Got a brightly glowing hat {god gift}
 83154 | Depths:3 | Identified the +2 hat "Qeryru" {rElec MR++ Str+3 Dex-5} (Okawaru gifted it to you on level 3 of the Depths)
 83248 | Depths:3 | Identified the +10 plate armour of Biomeronwas {rPois MR+ Str+2} (You took it off a spriggan rider on level 3 of the Depths)
 83693 | Depths:4 | Got a crystal shortbow
 83799 | Depths:4 | Found a one-way gate to the infinite horrors of the Abyss.
 84054 | Depths:4 | Reached XP level 25. HP: 222/248 MP: 36/36
 84476 | Depths:4 | Reached skill level 10 in Dodging
 84554 | Depths:4 | Found a gateway to a ziggurat.
 85350 | Depths:5 | Entered Level 5 of the Depths
 86942 | Depths:5 | Received a gift from Okawaru
 87016 | Depths:5 | Hit by a large rock thrown by a stone giant

Vault maps used:
D:1:      dpeg_arrival_water_fire
D:2:      nicolae_qazlal_general_emergency, first_bread
D:3:      lemuel_round_altar, kennysheep_okawaru_gauntlet, ecumenical_altar_2
D:4:      lemuel_coloured_pillars_altar, gup_sewer_entry_bowl
D:5:      kennysheep_windowed_goal, uniq_sigmund, uniq_grinder,
          uniq_crazy_yiuf_cottage, uniq_eustachio
D:6:      yredelemnul_altar_generic, uniq_prince_ribbit1
D:7:      kiku_gazebo_pond_becter
D:8:      serial_shops, kennysheep_mini, grunt_pizzeria, serial_park_tiny_2,
          nicolae_lava_and_water, kennysheep_generic_room_13
D:9:      fedhas_altar_4, nicolae_ru_the_path_less_chosen, lemuel_round_altar,
          grunt_lair_entry_orc_guard_hut, kennysheep_cross_room,
          kennysheep_small_circle
D:10:     david_orc_3
D:11:     uniq_grum, uniq_josephine
D:12:     portal_ice_cave_demonic_guard
D:13:     serial_shops, nicolae_shop_statue_plus, minmay_sticks_and_stones
D:14:     grunt_vaults_entry_tiered, minmay_misc_feat_columns
D:15:     grunt_enter_depths_snipers, serial_shops,
          nicolae_shop_window_shopping, serial_bayou_pond_c,
          minmay_fire_ice_demons, uniq_rupert
Temple:   minmay_temple_bridge_abc
Lair:1:   enter_volcano_4
Lair:2:   uniq_erica
Lair:3:   uniq_gastronok
Lair:4:   elwin_shoals_entry_rooms, spider_nest_entry_a, st_stairs_7,
          lemuel_fruit_fields
Lair:5:   minmay_slime_entry_pillars
Lair:6:   due_jungle_book, grunt_megastairs_2, infiniplex_staircase_pool_2
Shoals:1: nicolae_shoals_this_corrosion
Shoals:3: cheibrodos_shoals_roost, uniq_jorgrun, uniq_polyphemus
Shoals:4: shoals_end_simple, shoals_ilsuiw_ice
Spider:1: spider_trap
Spider:2: special_room, uniq_louise
Spider:3: nicolae_spider_nook, uniq_aizul, uniq_roxanne
Spider:4: floodkiller_spider_rune_tomb, uniq_asterion, uniq_arachne, uniq_nikola
Orc:1:    nicolae_orc_bridge_out, statue_in_the_mist_lemuel, uniq_nergalle
Orc:2:    st_orc_open, serial_shops, shop
Vaults:1: ontoclasm_vaults_ring_square, v_alt_pattern_6, vaults_mumra_chevron,
          vaults_room_grid, v_misc_24, nicolae_vaults_twisting_passages,
          v_pattern_2, nicolae_vaults_alarming, hangedman_vaults_hat,
          ontoclasm_vaults_shuriken, hangedman_vaults_maws, serial_shops, shop
Vaults:2: st_spiral_rooms, grunt_vaults_twisty, v_misc_2, v_misc_17,
          nicolae_vaults_big_ls, v_misc_4, v_pattern_4,
          vaults_standard_mumra_lines, vaults_dpeg_hooks, grunt_vaults_focal,
          grunt_vaults_hallway_short, ontoclasm_vaults_ligature,
          hangedman_vaults_corner_blocks, v_misc_14, hangedman_vaults_impose,
          ontoclasm_vaults_tryst, basic_altar
Vaults:3: nicolae_vaults_little_squares_3, minmay_crypt_entry_simple_plaza,
          v_misc_18, v_misc_5, v_alt_pattern_4, grunt_vaults_diagonal,
          nicolae_vaults_asterisk, ontoclasm_vaults_loading_screen, uniq_sojobo
Vaults:4: nicolae_vaults_rhombus_6, v_misc_27, v_pattern_3,
          nicolae_vaults_shelves_hall, ontoclasm_vaults_decontamination,
          ontoclasm_vaults_pinch, vaults_room_octagon, st_hourglassy,
          serial_shops, shop
Depths:1: minmay_door_square, hellmouth_3, minmay_misc_feat_pillars,
          serial_bayou_lake_a
Depths:2: minmay_curly_fans, moated_statue, pan_entry, lightli_too_deep,
          ashenzari_altar_1, infiniplex_staircase_9_rooms, minmay_shop_grove,
          serial_bayou_shore_b, uniq_mara
Depths:3: minmay_big_diamond_grid, pf_vacation_house_of_asmodeus, serial_curves,
          eino_curves_04, eino_curves_01, eino_curves_03,
          rand_demon_pan_entry_1, item_on_display_a, uniq_mennas
Depths:4: hangedman_arrow_trap, enter_ziggurat_f, abyss_entry, hellmouth_1,
          infiniplex_enter_wizlab_spiral, eino_curves_02,
          serial_co_window_serial, co_window_paths_b, co_window_paths_a,
          co_window_of_opportunity_a, co_window_paths_a,
          co_window_of_opportunity_a, co_window_broadway_a, co_window_corner_b,
          co_window_2corner, co_window_paths_c, co_window_corner_b,
          co_window_corner_cb, co_window_paths_e, glass_columns_b,
          glass_columns_a, glass_columns_a, glass_columns_b, glass_columns_a
Depths:5: evilmike_zot_entry_diamond, hangedman_coc_ice_floe,
          minmay_misc_feat_x, grunt_pan_entry_spiral
Sewer:    sewer_minmay_treatment
IceCv:    ice_cave_caverns_01
Volcano:  volcano_grotto

Skill      XL: |  1  2  3  4  5  6  7  8  9 10 11 12 13 14 15 16 17 18 19 20 21 22 23 24 25 |
---------------+----------------------------------------------------------------------------+-----
Stealth        | 1 2 3 4 5 7 9 11 12 14 15 16 17 18 20 | 20.1
Maces & Flails | 3 4 5 8 9 10 11 | 11.0
Short Blades   | 1 3 4 |  4.0
Invocations    | 1 3 7 10 13 14 | 14.4
Translocations | 6 7 10 11 13 14 | 14.3
Spellcasting   | 3 5 6 8 9 |  9.4
Fighting       | 4 6 8 9 11 12 14 15 17 18 19 | 19.4
Armour         | 1 4 5 6 7 8 9 |  9.8
Dodging        | 4 5 7 8 9 10 | 10.4
Evocations     | 4 6 |  6.2
Summonings     | 3 4 |  4.0
Crossbows      | 3 7 11 13 14 16 18 19 | 19.7
Throwing       | |  0.8

Action                   |  1- 3 |  4- 6 |  7- 9 | 10-12 | 13-15 | 16-18 | 19-21 | 22-24 | 25-27 || total
-------------------------+-------+-------+-------+-------+-------+-------+-------+-------+-------++-------
Melee: Mace              |    48 |     1 |       |       |       |       |       |       |       ||    49
       Flail             |       |   197 |    20 |       |       |       |       |       |       ||   217
       Dagger            |       |       |   229 |   140 |     7 |       |       |       |       ||   376
       Morningstar       |       |       |   189 |    35 |       |       |       |       |       ||   224
       Punch             |       |       |     1 |     8 |    26 |     5 |     2 |       |       ||    42
       Whip              |       |       |       |  1033 |  2128 |  1160 |       |       |       ||  4321
       Quarterstaff      |       |       |       |     1 |       |       |       |       |       ||     1
       Constrict         |       |       |       |       |   288 |   200 |     7 |       |       ||   495
       Great mace        |       |       |       |       |     4 |    72 |       |       |       ||    76
       Demon whip        |       |       |       |       |       |    14 |    47 |       |       ||    61
       Tailslap          |       |       |       |       |       |       |    16 |       |       ||    16
 Fire: Blowgun           |       |    37 |    94 |   118 |    39 |       |       |       |       ||   288
       Shortbow          |       |       |     7 |     7 |     1 |       |       |       |       ||    15
       Arbalest          |       |       |       |       |     3 |  1058 |  1694 |   693 |   280 ||  3728
       Triple crossbow   |       |       |       |       |       |       |    30 |   283 |       ||   313
       Heavy crossbow    |       |       |       |       |       |       |       |       |     5 ||     5
Throw: Javelin           |     4 |     3 |       |    10 |     1 |       |       |       |       ||    18
       Stone             |     3 |    34 |    18 |    51 |   227 |    15 |       |       |       ||   348
 Cast: Shroud of Golubri |       |     2 |    15 |    58 |   150 |    95 |    17 |     1 |       ||   338
       Teleport Other    |       |       |    10 |    16 |     1 |     3 |       |       |       ||    30
       Apportation       |       |       |     2 |     2 |       |     4 |     2 |       |       ||    10
       Passage of Golubr |       |       |       |     3 |     2 |     4 |     7 |     3 |       ||    19
       Blink             |       |       |       |       |     1 |     2 |     5 |     3 |     2 ||    13
       Repel Missiles    |       |       |       |       |       |     5 |    15 |     6 |     2 ||    28
       Summon Butterflie |       |       |       |       |       |     4 |       |       |       ||     4
       Portal Projectile |       |       |       |       |       |     1 |    12 |     5 |     2 ||    20
       Summon Forest     |       |       |       |       |       |       |     7 |       |       ||     7
       Dispersal         |       |       |       |       |       |       |     1 |     2 |     3 ||     6
Invok: Heroism           |       |       |     8 |    18 |    30 |    38 |    43 |    15 |     1 ||   153
       Finesse           |       |       |       |     3 |     7 |     6 |     5 |     3 |       ||    24
 Abil: Spit Poison       |    21 |    56 |    76 |   121 |    68 |    12 |       |       |       ||   354
       Evoke Flight      |       |       |       |    11 |     3 |     3 |    11 |       |       ||    28
       Stop Flying       |       |       |       |     1 |       |       |       |       |       ||     1
Evoke: Wand              |       |       |     4 |     3 |     2 |     7 |       |     4 |       ||    20
       Sack of spiders   |       |       |       |       |       |       |     3 |       |       ||     3
  Use: Scroll            |       |     7 |     4 |    11 |    18 |     9 |    12 |     8 |       ||    69
       Potion            |       |       |     5 |    10 |     3 |    10 |    13 |     4 |       ||    45
 Stab: Sleeping          |       |     1 |     2 |     6 |     8 |     8 |       |       |       ||    25
       Distracted        |       |       |     1 |     5 |     3 |     1 |       |       |       ||    10
  Eat: Chunk             |     2 |    10 |    14 |    56 |    51 |    46 |    40 |    16 |     7 ||   242
       Bread ration      |       |     1 |     3 |       |       |       |       |       |       ||     4
       Fruit             |       |       |     1 |     1 |       |       |       |     3 |       ||     5
       Meat ration       |       |       |       |       |       |       |       |     1 |       ||     1
Armor: Leather armour    |     9 |    96 |       |       |       |       |       |       |       ||   105
       Ring mail         |       |       |   220 |   341 |   620 |  1046 |   520 |   275 |    75 ||  3097
       Scale mail        |       |       |       |   274 |       |       |       |       |       ||   274
Dodge: Dodged            |    26 |   111 |   209 |   441 |  1239 |  1743 |  1130 |   444 |   136 ||  5479
       Deflected         |       |       |       |       |       |     8 |    48 |    20 |     5 ||    81
